 Dungeon Crawl Stone Soup version 0.20.0-10-g0535bb4 (webtiles) character file.

20 straycat the Sneak (level 2, 0/19 HPs)
             Began as a Vampire Wanderer on June 3, 2017.
             Slain by a goblin (2 damage)
             ... on level 1 of the Dungeon.
             The game lasted 00:03:10 (982 turns).

straycat the Sneak (Vampire Wanderer)                Turns: 982, Time: 00:03:10

Health: 0/19       AC:  1    Str: 11    XL:     2   Next: 58%
Magic:  5/5        EV: 12    Int: 12    God:
Gold:   30         SH:  0    Dex: 15    Spells: 5/5 levels left

rFire    . . .     SeeInvis +   m - +3 dagger
rCold    . . .     Gourm    .   (no shield)
rNeg     + . .     Faith    .   h - -2 robe (curse)
rPois    .         Spirit   .   (no helmet)
rElec    .         Reflect  .   i - +0 cloak
rCorr    .         Harm     .   (no gloves)
MR       .....                  (no boots)
Stlth    +++.......             (no amulet)
Regen    0.1/turn               (no ring)
MPRegen  0.1/turn               (no ring)

@: no status effects
A: fangs 3, see invisible, unbreathing
a: no special abilities


You were on level 1 of the Dungeon.
You were not thirsty.

You visited 1 branch of the dungeon, and saw 1 of its levels.

You collected 30 gold pieces.

Inventory:

Hand Weapons
 d - a +0 dagger
 m - a +3 dagger (weapon)
Missiles
 o - 21 bolts
Armour
 c - a +0 robe
 f - a +0 leather armour
 h - a cursed -2 robe (worn)
 i - a +0 cloak (worn)
 p - a cursed +0 chain mail
Scrolls
 j - a scroll of identify {unknown}
 l - a scroll of noise {unknown}
Potions
 b - a potion of curing
 e - 6 potions of blood
 g - a potion of might {unknown}
 k - a potion of agility {unknown}
 n - a potion of heal wounds {unknown}
Books
 a - a book of Spatial Translocations

   Spells                             Type                      Level
   a - Blink                          Translocation                2
   b - Shroud of Golubria             Charms/Translocation         2
   c - Lesser Beckoning               Translocation                3
   d - Gell's Gravitas                Translocation                3
   e - Teleport Other                 Translocation                3
   f - Passage of Golubria            Translocation                4


   Skills:
 + Level 0.1 Fighting
 * Level 1.2 Short Blades
 * Level 1.0 Dodging
 * Level 3.9 Stealth
 - Level 2.0 Spellcasting
   Level 3.0 Hexes
   Level 1.1 Necromancy
   Level 1.5 Translocations
   Level 1.0 Fire Magic


You had 5 spell levels left.
You didn't know any spells.

Dungeon Overview and Level Annotations

Branches:
Dungeon (1/15)

Altars:


Innate Abilities, Weirdness & Mutations

You have razor-sharp teeth.
You have supernaturally acute eyesight. (SInv)
You can survive without breathing.


Message History

* * * LOW HITPOINT WARNING * * *
The bat hits you.
* * * LOW HITPOINT WARNING * * *
The bat hits you but does no damage. The bat barely misses you.
A goblin comes into view.
The bat hits you but does no damage. The bat hits you but does no damage.
You hit the bat.
You kill the bat!
You see here a bat corpse.
The goblin shouts!
The goblin closely misses you.
You closely miss the goblin. The goblin completely misses you.
You miss the goblin. The goblin hits you.
* * * LOW HITPOINT WARNING * * *
You closely miss the goblin. Your bite misses the goblin.
The goblin closely misses you.
You miss the goblin. The goblin closely misses you.
You miss the goblin. The goblin hits you.
You die...

##### #...
##############.#
#..............#
#†############.#
#.# #.### #@#
#.... #g# #..##
#.# ########..#
..# #.........#
### ###.######.##
##.....# #.###
###......####....
#.....^......###
##.###....###.#


You could see a goblin.

Vanquished Creatures
  2 dart slugs (D:1)
  A leopard gecko (D:1)
  A ball python (D:1)
  A giant cockroach (D:1)
  3 goblins (D:1)
  A kobold (D:1)
  2 bats (D:1)
  A frilled lizard (D:1)
  3 rats (D:1)
15 creatures vanquished.

Notes
Turn   | Place    | Note
-------+----------+-------------------------------------------
     0 | D:1      | straycat the Vampire Wanderer began the quest for the Orb.
     0 | D:1      | straycat set off with: a book of Spatial Translocations, a potion of curing, a +0 robe, a +0 dagger, a potion of blood
     0 | D:1      | Reached XP level 1. HP: 13/13 MP: 3/3
   254 | D:1      | Reached XP level 2. HP: 19/19 MP: 5/5
   299 | D:1      | Reached skill level 1 in Short Blades
   878 | D:1      | Reached skill level 1 in Dodging
   982 | D:1      | Slain by a goblin

Skill      XL: |  1  2 |
---------------+-------+-----
Short Blades   | 1 |  1.2
Dodging        | 1 |  1.0
Fighting       | |  0.1
Stealth        | |  3.9
Spellcasting   | |  2.0
Hexes          | |  3.0
Necromancy     | |  1.1
Translocations | |  1.5
Fire Magic     | |  1.0

Action                   || total
-------------------------++-------
Melee: Dagger            ||    55
       Bite              ||     2
 Stab: Sleeping          ||     2
Armor: Robe              ||     6
Dodge: Dodged            ||    36
